 Dungeon Crawl Stone Soup version 0.17.1-1-g73c8601 (webtiles) character file.

240 lucasterio the Cudgeler (level 5, 0/61 HPs)
             Began as a Demonspawn Berserker on Dec 19, 2015.
             Was a Priest of Trog.
             Succumbed to an orc wizard's poison
             ... on level 4 of the Dungeon.
             The game lasted 00:09:12 (3159 turns).

lucasterio the Cudgeler (Demonspawn Berserker)      Turns: 3159, Time: 00:09:12

Health: 0/61       AC: 12    Str: 26    XL:     5   Next: 79%
Magic:  5/5        EV:  9    Int:  9    God:    Trog [***...]
Gold:   266        SH:  0    Dex: 12    Spells: 0 memorised, 4 levels left

rFire  . . .     SeeInvis .     a - +0 mace
rCold  . . .     Clarity  .     n - +0 chain mail
rNeg   . . .     SustAt   +     (no shield)
rPois  .         Gourm    .     x - +1 hat
rElec  .         Spirit   .     (no cloak)
rCorr  .         Warding  .     (no gloves)
rMut   .         Stasis   .     (no boots)
MR     .....                    (no amulet)
Stlth  ..........               l - ring of sustain attributes
                                d - +3 ring of strength

@: berserking (expiring), lethally poisoned (0 -> -15), very quick, not
resistant to hostile enchantments, extremely unstealthy
A: claws 1, thin metallic scales 1
a: Berserk, Trog's Hand, Burn Spellbooks, Renounce Religion


You were on level 4 of the Dungeon.
You worshipped Trog.
Trog was most pleased with you.
You were very hungry.

You visited 1 branch of the dungeon, and saw 4 of its levels.
You also visited: Sewer.

You collected 266 gold pieces.

Inventory:

Hand Weapons
 a - a +0 mace (weapon)
 C - a cursed -2 hunting sling
Missiles
 p - 2 throwing nets (quivered)
Armour
 e - a +0 helmet
 f - a +0 leather armour
 n - a +0 chain mail (worn)
 x - a +1 hat (worn)
 D - a +0 plate armour
Jewellery
 d - a +3 ring of strength (left claw)
 l - a ring of sustain attributes (right claw)
Scrolls
 b - a scroll of magic mapping {unknown}
 i - 5 scrolls of identify
 k - 3 scrolls of remove curse {unknown}
 m - a scroll of immolation {unknown}
 q - 2 scrolls of recharging {unknown}
 r - a scroll of fog {unknown}
 s - 3 scrolls of teleportation {unknown}
 v - a scroll of random uselessness {unknown}
 y - a scroll of blinking {unknown}
 A - a scroll of enchant weapon {unknown}
Potions
 h - a potion of degeneration {unknown}
 j - 2 potions of cure mutation {unknown}
 o - 2 potions of curing {unknown}
 t - 3 potions of agility {unknown}
 u - 3 potions of flight
 w - 2 potions of poison {unknown}
 z - a potion of lignification {unknown}
 B - a potion of invisibility {unknown}
 E - a potion of might {unknown}
Comestibles
 c - a bread ration
 g - a meat ration


   Skills:
 - Level 3.0 Fighting
 + Level 4.4 Maces & Flails
 + Level 4.3 Armour
 - Level 1.7 Dodging


You had 4 spell levels left.
You didn't know any spells.

Dungeon Overview and Level Annotations

Branches:
Dungeon (4/15)
 Temple: D:4-7

Altars:


Innate Abilities, Weirdness & Mutations

You have sharp fingernails.
You are partially covered in thin metallic scales (AC +2).


Message History

The orc priest is healed somewhat.
The orc wizard barely misses you.
You closely miss the orc priest.
The orc priest is heavily wounded.
You feel sick.
The orc priest calls down the wrath of Beogh upon you.
Something smites you!
* * * LOW HITPOINT WARNING * * *
The orc wizard hits you but does no damage.
You are too berserk!
You sock the orc priest!
You feel the power of Trog in you as your rage grows.
You kill the orc priest!
Trog accepts your kill.
* * * LOW HITPOINT WARNING * * *
You feel sick.
You closely miss the orc priest.
The orc wizard hits you but does no damage.
You are more poisoned.
You completely miss the orc priest.
You die...

####.............#.###
......############.#
.####.# #.# .# #.#
########.# .# #.#
#........# .# #.#
#.######## .# #.# #.#
.# #.# #.####### ..
..# #.....@o# ... ###
#######o# ... .# .# .#
.# .# .#


You could see an orc priest and an orc wizard.

Vanquished Creatures
  An orc wizard (D:4)
  An orc priest (D:4)
  2 worker ants (D:4)
  A gnoll (D:1)
  An adder (D:3)
  4 oozes (Sewer)
  6 worms
  5 giant geckos
  An orc (D:3)
  8 giant cockroaches
  8 hobgoblins
  4 jackals (Sewer)
  2 quokkas (D:3)
  2 ball pythons
  12 bats
  2 giant newts
  3 goblins
  11 kobolds
  8 rats
82 creatures vanquished.

Notes
Turn   | Place    | Note
--------------------------------------------------------------
     0 | D:1      | lucasterio the Demonspawn Berserker began the quest for the Orb.
     0 | D:1      | Reached XP level 1. HP: 18/18 MP: 1/1
   366 | D:1      | Gained mutation: You have sharp fingernails. [demonic ancestry]
   366 | D:1      | Reached XP level 2. HP: 24/24 MP: 2/2
   642 | D:1      | Reached XP level 3. HP: 29/29 MP: 3/3
   859 | D:2      | Reached ** piety under Trog
  1404 | D:3      | Found a glowing drain.
  1429 | Sewer    | Entered a sewer
  1450 | Sewer    | Gained mutation: You are partially covered in thin metallic scales (AC +2). [demonic ancestry]
  1450 | Sewer    | Reached XP level 4. HP: 30/35 MP: 4/4
  2288 | D:3      | Reached *** piety under Trog
  2807 | D:4      | Reached skill level 4 in Maces & Flails
  2807 | D:4      | Reached XP level 5. HP: 41/41 MP: 5/5
  3156 | D:4      | HP: 3/61 [orc priest/divine providence (13)]
  3159 | D:4      | Succumbed to an orc wizard's poison

Action                   |  1- 3 |  4- 6 || total
-------------------------+-------+-------++-------
Melee: Mace              |   146 |   167 ||   313
Invok: Berserk           |     1 |     1 ||     2
  Use: Scroll            |       |     1 ||     1
       Potion            |       |     1 ||     1
  Eat: Chunk             |     1 |     7 ||     8
